Anaheim Ducks vs Nashville Predators

Created - Monday, December 8, 2025 at 09:06

Goals
1 2 3 T
Anaheim Ducks 1 1 0 2
Nashville Predators 2 2 0 4
Shots
1 2 3 T
Anaheim Ducks 9 13 7 29
Nashville Predators 20 6 9 35

1st period

1. Nashville Predators , Jean-Gabriel Pageau 4 (Dmitri Voronkov 5, Jani Nyman 3) at 7:40
2. Anaheim Ducks , Esa Lindell 2 (Joshua Morrissey 4, Brayden Schenn 9) at 14:54
3. Nashville Predators , John-Jason Peterka 7 (Eetu Luostarinen 5, Pius Suter 8) at 15:11

Penalties :
No Penalty

2nd period

4. Nashville Predators , Robby Fabbri 2 (Marco Kasper 8, Alex Pietrangelo 2) at 0:57
5. Anaheim Ducks , Brayden Schenn 9 (John Tavares 10) at 3:17
6. Nashville Predators , Robby Fabbri 3 (Jordan Spence 6, Yegor Chinakhov 3) at 14:20

Penalties :
Mark Scheifele (ANA) for Interference (Minor) at 8:23

3rd period

No Goal

Penalties :
Rasmus Andersson (NSH) for Hooking (Minor) at 6:06, Brenden Dillon (ANA) for Hooking (Minor) at 10:13

Goalie Stats

Linus Ullmark (ANA), 31 saves from 35 shots - (0.886), L, 7-6-0, 60:00 minutes
Anthony Stolarz (NSH), 27 saves from 29 shots - (0.931), W, 8-2-0, 60:00 minutes

Players Stats for Anaheim Ducks

Player Name              G  A  P  +/- PIM S  H  SB GA TA FO     MP     PP MP  PK MP  
------------------------------------------------------------------------------------
Alex Killorn             0  0  0  -1  0   1  3  0  0  1  0/0    16:37   0:00   1:57 
Brayden Schenn           1  1  2   0  0   4  3  0  1  2  0/2    21:09   0:55   2:00 
Brenden Dillon           0  0  0  -1  2   3  1  0  1  1  0/0    18:21   0:00   0:55 
Chandler Stephenson      0  0  0  -1  0   3  0  1  1  0  8/13   16:38   0:55   1:55 
Esa Lindell              1  0  1   0  0   2  1  1  0  1  0/0    22:13   0:00   2:09 
Ivan Provorov            0  0  0  -2  0   0  0  0  0  1  0/0    21:15   0:53   2:09 
J.T. Compher             0  0  0  -1  0   0  1  0  0  1  1/2    16:42   0:00   1:49 
John Tavares             0  1  1   0  0   1  1  0  1  0  6/11   20:03   0:55   0:06 
Jonny Brodzinski         0  0  0   0  0   0  0  0  0  0  0/0     0:22   0:00   0:00 
Joshua Morrissey         0  1  1   1  0   0  1  1  0  0  0/0    20:57   1:06   0:54 
Luke Evangelista         0  0  0   0  0   0  0  0  0  0  0/0     0:00   0:00   0:00 
Mark Scheifele           0  0  0  -1  2   3  1  0  2  2  19/27  21:56   1:04   0:00 
Morgan Rielly            0  0  0  -1  0   2  0  1  0  0  0/0    17:53   1:06   0:00 
Nazem Kadri              0  0  0   0  0   1  0  1  0  0  1/1    20:18   1:04   0:09 
Parker Kelly             0  0  0   0  0   0  1  0  1  0  0/0     6:15   0:00   0:00 
Philip Broberg           0  0  0  -1  0   1  2  1  0  0  0/0    19:39   0:53   1:49 
Will Cuylle              0  0  0  -1  0   1  5  0  1  2  0/0    13:48   0:00   0:00 
William Nylander         0  0  0  -1  0   7  2  0  1  0  1/2    21:54   1:04   0:00 

Players Stats for Nashville Predators

Player Name              G  A  P  +/- PIM S  H  SB GA TA FO     MP     PP MP  PK MP  
------------------------------------------------------------------------------------
Alex Pietrangelo         0  1  1   1  0   0  1  2  1  2  0/0    23:44   2:12   1:29 
Brandon Montour          0  0  0   0  0   0  0  0  0  1  0/0    12:17   0:00   0:30 
Dante Fabbro             0  0  0   0  0   0  1  2  0  1  0/0    13:09   0:00   1:29 
Dmitri Voronkov          0  1  1   1  0   4  0  1  1  0  0/0    15:31   1:53   0:07 
Eetu Luostarinen         0  1  1   1  0   3  1  1  1  0  4/6    20:34   1:46   1:10 
Jack Roslovic            0  0  0  -1  0   3  1  0  1  0  0/2    11:21   1:53   0:00 
Jani Nyman               0  1  1   1  0   1  1  0  1  0  0/1    13:49   0:02   0:00 
Jean-Gabriel Pageau      1  0  1   1  0   6  2  0  1  0  4/8    16:27   1:53   1:10 
John-Jason Peterka       1  0  1   1  0   4  0  1  1  0  0/3    18:39   2:03   0:00 
Jordan Spence            0  1  1   1  0   1  0  2  0  1  0/0    24:38   2:12   0:30 
Marco Kasper             0  1  1   1  0   0  2  0  1  0  3/9    14:10   2:03   0:00 
Pius Suter               0  1  1   1  0   7  1  1  0  0  11/27  20:22   2:03   0:42 
Rasmus Andersson         0  0  0   1  2   0  1  4  1  1  0/0    22:19   1:46   0:00 
Robby Fabbri             2  0  2   1  0   3  0  1  0  1  0/0    12:58   0:00   0:00 
Ryan Hartman             0  0  0  -1  0   0  1  0  0  0  0/0     9:43   0:00   0:00 
Simon Benoit             0  0  0   1  0   0  4  1  1  1  0/0    21:44   0:00   0:00 
Yegor Chinakhov          0  1  1   1  0   0  2  0  1  0  0/1    13:53   0:02   0:07 
Yegor Sharangovich       0  0  0  -1  0   3  0  1  0  1  0/1    12:42   0:02   0:42 

3 Stars

1 - Robby Fabbri (NSH)
2 - Jean-Gabriel Pageau (NSH)
3 - Brayden Schenn (ANA)

Power Play

Anaheim Ducks - 0 on 1 Attempt(s) - 0.00%
Nashville Predators - 0 on 2 Attempt(s) - 0.00%

Penalty Kill

Anaheim Ducks - 2 on 2 Attempt(s) - 100.00% - Score 0 goal in Penalty Kill
Nashville Predators - 1 on 1 Attempt(s) - 100.00% - Score 0 goal in Penalty Kill

Team Stat

Anaheim Ducks - Hits : 22 - Faceoff Wins : 36 - Blocked Shots : 6 - Penalty Minutes : 4
Nashville Predators - Hits : 18 - Faceoff Wins : 22 - Blocked Shots : 17 - Penalty Minutes : 2

Official

Referees : Dan O'Rourke and Wes Mccauley
Linesman : Bevan Mills and Kyle Flemington

Game Notes

No Game Note

Finance

Level 1 -- Attendance: 5661 (94.35%) -- Ticket Income $566,100
Level 2 -- Attendance: 5000 (100.00%) -- Ticket Income $300,000
Level 3 -- Attendance: 2938 (97.93%) -- Ticket Income $102,830
Level 4 -- Attendance: 5000 (100.00%) -- Ticket Income $125,000
Luxury Box -- Attendance: 954 (95.40%) -- Ticket Income $190,800
Game was played at the Bridgestone Arena.
Total Attendance: 19553 (97.77%)
Total Ticket Income: $1,284,730
Other Income: $449,656
Total Income: $1,734,386

Anaheim Ducks

5 vs 5 Forward 
   Center                   Left Wing                Right Wing               Time % Phy DF OF 
 1 John Tavares             Nazem Kadri              Brayden Schenn           35     1   1  3  
 2 Mark Scheifele           J.T. Compher             William Nylander         35     1   1  3  
 3 Chandler Stephenson      Will Cuylle              Alex Killorn             20     1   2  2  
 4 Mark Scheifele           Parker Kelly             William Nylander         10     1   1  3  

5 vs 5 Defense 
   Defense                  Defense                                           Time % Phy DF OF 
 1 Esa Lindell              Joshua Morrissey                                  36     1   2  2  
 2 Morgan Rielly            Philip Broberg                                    30     1   2  2  
 3 Ivan Provorov            Brenden Dillon                                    30     1   2  2  
 4 Esa Lindell              Ivan Provorov                                     4      1   2  2  

PowerPlay Forward 
   Center                   Left Wing                Right Wing               Time % Phy DF OF 
 1 Mark Scheifele           Nazem Kadri              William Nylander         50     1   0  4  
 2 John Tavares             Chandler Stephenson      Brayden Schenn           50     1   0  4  

PowerPlay Defense
   Defense                  Defense                                           Time % Phy DF OF 
 1 Joshua Morrissey         Morgan Rielly                                     60     1   1  3  
 2 Ivan Provorov            Philip Broberg                                    40     1   2  2  

Penalty Kill 4 Players Forward 
   Center                   Wing                     Time % Phy DF OF 
 1 Chandler Stephenson      J.T. Compher             50     1   3  1  
 2 Brayden Schenn           Alex Killorn             50     1   3  1  

Penalty Kill 4 Players Defense
   Defense                  Defense                  Time % Phy DF OF 
 1 Esa Lindell              Ivan Provorov            60     1   4  0  
 2 Brenden Dillon           Philip Broberg           40     1   4  0  

Penalty Kill - 3 Players Forward 
   Forward                                           Time % Phy DF OF 
 1 Chandler Stephenson                               55     1   4  0  
 2 Brayden Schenn                                    45     1   4  0  

Penalty Kill - 3 Players Defense
   Defense                  Defense                  Time % Phy DF OF 
 1 Esa Lindell              Ivan Provorov            60     1   4  0  
 2 Brenden Dillon           Philip Broberg           40     1   4  0  

4 vs 4 Forward 
   Center                   Wing                     Time % Phy DF OF 
 1 John Tavares             Nazem Kadri              50     1   1  3  
 2 Mark Scheifele           William Nylander         50     1   1  3  

4 vs 4 Defense
   Defense                  Defense                  Time % Phy DF OF 
 1 Esa Lindell              Joshua Morrissey         60     1   2  2  
 2 Brenden Dillon           Ivan Provorov            40     1   2  2  

Last Minutes Offensive
   Center                   Left Wing                Right Wing               Defense                  Defense                  
   John Tavares             Nazem Kadri              William Nylander         Joshua Morrissey         Morgan Rielly            

Last Minutes Defensive
   Center                   Left Wing                Right Wing               Defense                  Defense                  
   Chandler Stephenson      Alex Killorn             Brayden Schenn           Ivan Provorov            Esa Lindell              

Goaltenders
Starting : Linus Ullmark            
Backup : James Reimer             

Extra Forwards
Normal : Nazem Kadri, John Tavares, William Nylander - PP : Nazem Kadri, William Nylander - PK : Chandler Stephenson
Extra Defensemen
Normal : Esa Lindell, Ivan Provorov, Brenden Dillon - PP : Joshua Morrissey - PK : Esa Lindell, Ivan Provorov
Penalty Shots
Chandler Stephenson, Mark Scheifele, Brayden Schenn, Alex Killorn, William Nylander

Scratches
Kevin Bahl (Healthy), Mason Marchment (Strained Left Knee Injury)

Nashville Predators

5 vs 5 Forward 
   Center                   Left Wing                Right Wing               Time % Phy DF OF 
 1 Pius Suter               Eetu Luostarinen         John-Jason Peterka       35     0   1  4  
 2 Jean-Gabriel Pageau      Dmitri Voronkov          Jani Nyman               25     0   2  3  
 3 Marco Kasper             Yegor Chinakhov          Robby Fabbri             25     0   2  3  
 4 Jack Roslovic            Yegor Sharangovich       Ryan Hartman             15     0   2  3  

5 vs 5 Defense 
   Defense                  Defense                                           Time % Phy DF OF 
 1 Alex Pietrangelo         Rasmus Andersson                                  45     1   2  2  
 2 Jordan Spence            Simon Benoit                                      45     1   2  2  
 3 Brandon Montour          Dante Fabbro                                      10     0   3  2  
 4 Dante Fabbro             Brandon Montour                                   0      1   3  1  

PowerPlay Forward 
   Center                   Left Wing                Right Wing               Time % Phy DF OF 
 1 Marco Kasper             John-Jason Peterka       Pius Suter               65     1   1  3  
 2 Jean-Gabriel Pageau      Dmitri Voronkov          Jack Roslovic            35     1   1  3  

PowerPlay Defense
   Defense                  Defense                                           Time % Phy DF OF 
 1 Jordan Spence            Alex Pietrangelo                                  65     1   1  3  
 2 Eetu Luostarinen         Rasmus Andersson                                  35     2   2  1  

Penalty Kill 4 Players Forward 
   Center                   Wing                     Time % Phy DF OF 
 1 Jean-Gabriel Pageau      Eetu Luostarinen         65     1   2  2  
 2 Pius Suter               Robby Fabbri             35     1   2  2  

Penalty Kill 4 Players Defense
   Defense                  Defense                  Time % Phy DF OF 
 1 Alex Pietrangelo         Rasmus Andersson         60     2   3  0  
 2 Simon Benoit             Dante Fabbro             40     1   3  1  

Penalty Kill - 3 Players Forward 
   Forward                                           Time % Phy DF OF 
 1 Jean-Gabriel Pageau                               50     1   2  2  
 2 Pius Suter                                        50     1   2  2  

Penalty Kill - 3 Players Defense
   Defense                  Defense                  Time % Phy DF OF 
 1 Alex Pietrangelo         Rasmus Andersson         50     1   2  2  
 2 Simon Benoit             Dante Fabbro             50     1   2  2  

4 vs 4 Forward 
   Center                   Wing                     Time % Phy DF OF 
 1 Jean-Gabriel Pageau      Eetu Luostarinen         50     1   2  2  
 2 Pius Suter               Robby Fabbri             50     1   2  2  

4 vs 4 Defense
   Defense                  Defense                  Time % Phy DF OF 
 1 Rasmus Andersson         Alex Pietrangelo         60     2   2  1  
 2 Dante Fabbro             Simon Benoit             40     2   2  1  

Last Minutes Offensive
   Center                   Left Wing                Right Wing               Defense                  Defense                  
   Jean-Gabriel Pageau      Pius Suter               John-Jason Peterka       Dmitri Voronkov          Jordan Spence            

Last Minutes Defensive
   Center                   Left Wing                Right Wing               Defense                  Defense                  
   Jean-Gabriel Pageau      Pius Suter               Robby Fabbri             Alex Pietrangelo         Rasmus Andersson         

Goaltenders
Starting : Anthony Stolarz          
Backup : Samuel Ersson            

Extra Forwards
Normal : Dmitri Voronkov, Pius Suter, Eetu Luostarinen - PP : Eetu Luostarinen, Jean-Gabriel Pageau - PK : Eetu Luostarinen
Extra Defensemen
Normal : Rasmus Andersson, Dante Fabbro, Simon Benoit - PP : Rasmus Andersson - PK : Dante Fabbro, Brandon Montour
Penalty Shots
Dmitri Voronkov, Jack Roslovic, John-Jason Peterka, Pius Suter, Yegor Chinakhov

Scratches
Evan Rodrigues (Healthy), Parker Wotherspoon (Healthy), Nick Perbix (Healthy), Thatcher Demko (Healthy), Mads Sogaard (Healthy)

% Time on Ice - Anaheim Ducks

Lines # - Real PCT - Wanted PCT - Time Play
Normal Forward
1 - 34% - 35% - 18:29
2 - 29% - 35% - 15:31
3 - 26% - 20% - 13:48
4 - 12% - 10% - 6:15
Normal Defense
1 - 35% - 36% - 19:00
2 - 31% - 30% - 16:57
3 - 32% - 30% - 17:02
4 - 2% - 4% - 1:04
PP Forward
1 - 54% - 50% - 1:04
2 - 46% - 50% - 0:55
PP Defense
1 - 55% - 60% - 1:06
2 - 45% - 40% - 0:53
PK Forward
1 - 48% - 50% - 1:55
2 - 52% - 50% - 2:03
PK Defense
1 - 54% - 60% - 2:09
2 - 46% - 40% - 1:49
PK3 Forward
1 - 0% - 55%
2 - 0% - 45%
PK3 Defense
1 - 0% - 60%
2 - 0% - 40%
44 Forward
1 - 0% - 50%
2 - 0% - 50%
44 Defense
1 - 0% - 60%
2 - 0% - 40%
Last Minute Offensive  - 0:00
Last Minute Defensive  - 0:00
Total
Forward - 60:00
Defense - 60:00

% Time on Ice - Nashville Predators

Lines # - Real PCT - Wanted PCT - Time Play
Normal Forward
1 - 31% - 35% - 17:01
2 - 28% - 25% - 14:54
3 - 23% - 25% - 12:25
4 - 18% - 15% - 9:43
Normal Defense
1 - 37% - 45% - 20:10
2 - 41% - 45% - 22:13
3 - 16% - 10% - 8:50
4 - 5% - 0% - 2:50
PP Forward
1 - 53% - 65% - 2:05
2 - 47% - 35% - 1:53
PP Defense
1 - 55% - 65% - 2:12
2 - 45% - 35% - 1:46
PK Forward
1 - 100% - 65% - 1:59
2 - 0% - 35% - 0:00
PK Defense
1 - 100% - 60% - 1:59
2 - 0% - 40% - 0:00
PK3 Forward
1 - 0% - 50%
2 - 0% - 50%
PK3 Defense
1 - 0% - 50%
2 - 0% - 50%
44 Forward
1 - 0% - 50%
2 - 0% - 50%
44 Defense
1 - 0% - 60%
2 - 0% - 40%
Last Minute Offensive  - 0:00
Last Minute Defensive  - 0:00
Total
Forward - 60:00
Defense - 60:00

Play-by-Play

1st period


0:01 of 1st period - John Tavares wins face-off versus Pius Suter in neutral zone.
0:52 of 1st period - Wrist shot by Chandler Stephenson.
0:52 of 1st period - Shot Blocked by Jordan Spence.
1:08 of 1st period - Esa Lindell is hit by Jack Roslovic and loses puck.
1:17 of 1st period - Snap shot by Jack Roslovic.
1:17 of 1st period - Deflect By Yegor Sharangovich.
1:17 of 1st period - Stopped by Linus Ullmark without a rebound.
1:18 of 1st period - Mark Scheifele wins face-off versus Pius Suter in Anaheim Ducks zone.
1:25 of 1st period - Snap shot by John-Jason Peterka.
1:25 of 1st period - Shot Blocked by Morgan Rielly.
1:27 of 1st period - Snap shot by Pius Suter.
1:27 of 1st period - Stopped by Linus Ullmark with a rebound.
1:29 of 1st period - Snap shot by Pius Suter.
1:29 of 1st period - Stopped by Linus Ullmark with a rebound.
1:45 of 1st period - Wrist shot by Yegor Chinakhov.
1:45 of 1st period - Deflect By Robby Fabbri.
1:45 of 1st period - Stopped by Linus Ullmark with a rebound.
1:57 of 1st period - Marco Kasper is hit by Will Cuylle.
2:59 of 1st period - Ivan Provorov is hit by Yegor Chinakhov and loses puck.
3:10 of 1st period - Wrist shot by Marco Kasper.
3:10 of 1st period - Shot Misses the Net.
4:42 of 1st period - Icing by Brayden Schenn.
4:43 of 1st period - Mark Scheifele wins face-off versus Jean-Gabriel Pageau in Anaheim Ducks zone.
4:59 of 1st period - Icing by Simon Benoit.
5:00 of 1st period - Chandler Stephenson wins face-off versus Jani Nyman in Nashville Predators zone.
5:37 of 1st period - Wrist shot by Jean-Gabriel Pageau.
5:37 of 1st period - Stopped by Linus Ullmark without a rebound.
5:38 of 1st period - Pius Suter wins face-off versus John Tavares in Anaheim Ducks zone.
5:49 of 1st period - Snap shot by John-Jason Peterka.
5:49 of 1st period - Deflect By Pius Suter.
5:49 of 1st period - Stopped by Linus Ullmark without a rebound.
5:50 of 1st period - Mark Scheifele wins face-off versus Pius Suter in Anaheim Ducks zone.
6:07 of 1st period - Wrist shot by William Nylander.
6:07 of 1st period - Shot Blocked by Rasmus Andersson.
6:19 of 1st period - Snap shot by Brayden Schenn.
6:19 of 1st period - Shot Misses the Net.
6:21 of 1st period - Slapshot by Brenden Dillon.
6:21 of 1st period - Stopped by Anthony Stolarz with a rebound.
6:23 of 1st period - Slapshot by Brenden Dillon.
6:23 of 1st period - Stopped by Anthony Stolarz with a rebound.
6:31 of 1st period - Slapshot by Nazem Kadri.
6:31 of 1st period - Shot Blocked by Robby Fabbri.
6:43 of 1st period - Wrist shot by Chandler Stephenson.
6:43 of 1st period - Stopped by Anthony Stolarz without a rebound.
6:44 of 1st period - Pius Suter wins face-off versus Chandler Stephenson in Nashville Predators zone.
6:57 of 1st period - Simon Benoit is hit by Will Cuylle.
7:32 of 1st period - Wrist shot by Jack Roslovic.
7:32 of 1st period - Stopped by Linus Ullmark without a rebound.
7:33 of 1st period - John Tavares wins face-off versus Jean-Gabriel Pageau in Anaheim Ducks zone.
7:40 of 1st period - Wrist shot by Jean-Gabriel Pageau.
7:40 of 1st period - Goal by Jean-Gabriel Pageau - Anaheim Ducks : 0 - Nashville Predators : 1.
7:41 of 1st period - Mark Scheifele wins face-off versus Pius Suter in neutral zone.
7:44 of 1st period - Snap shot by Mark Scheifele.
7:44 of 1st period - Deflect By William Nylander.
7:44 of 1st period - Shot Blocked by Pius Suter.
7:44 of 1st period - Puck is out of play.
7:45 of 1st period - Mark Scheifele wins face-off versus Pius Suter in Nashville Predators zone.
9:11 of 1st period - Wrist shot by John Tavares.
9:11 of 1st period - Shot Misses the Net.
9:39 of 1st period - Wrist shot by Dmitri Voronkov.
9:39 of 1st period - Stopped by Linus Ullmark with a rebound.
10:21 of 1st period - Jack Roslovic is hit by Will Cuylle and loses puck.
10:29 of 1st period - Icing by Ryan Hartman.
10:30 of 1st period - John Tavares wins face-off versus Marco Kasper in Nashville Predators zone.
10:33 of 1st period - Wrist shot by Brayden Schenn.
10:33 of 1st period - Shot Misses the Net.
10:41 of 1st period - John Tavares is hit by Simon Benoit and loses puck.
11:35 of 1st period - Wrist shot by Jack Roslovic.
11:35 of 1st period - Stopped by Linus Ullmark with a rebound.
11:37 of 1st period - Slapshot by Alex Pietrangelo.
11:37 of 1st period - Shot Misses the Net.
11:39 of 1st period - Snap shot by Jack Roslovic.
11:39 of 1st period - Shot Blocked by Esa Lindell.
11:43 of 1st period - Snap shot by Yegor Sharangovich.
11:43 of 1st period - Stopped by Linus Ullmark without a rebound.
11:44 of 1st period - Pius Suter wins face-off versus Mark Scheifele in Anaheim Ducks zone.
11:51 of 1st period - Wrist shot by Mark Scheifele.
11:51 of 1st period - Deflect By William Nylander.
11:51 of 1st period - Shot Misses the Net.
11:51 of 1st period - Puck is out of play.
11:52 of 1st period - Mark Scheifele wins face-off versus Pius Suter in Nashville Predators zone.
12:05 of 1st period - Snap shot by William Nylander.
12:05 of 1st period - Stopped by Anthony Stolarz with a rebound.
12:07 of 1st period - Slapshot by Philip Broberg.
12:07 of 1st period - Shot Blocked by Jordan Spence.
12:09 of 1st period - Slapshot by Morgan Rielly.
12:09 of 1st period - Stopped by Anthony Stolarz without a rebound.
12:10 of 1st period - Marco Kasper wins face-off versus John Tavares in Nashville Predators zone.
12:19 of 1st period - Backhand shot by John Tavares.
12:19 of 1st period - Shot Misses the Net.
12:21 of 1st period - Slapshot by Esa Lindell.
12:21 of 1st period - Stopped by Anthony Stolarz without a rebound.
12:22 of 1st period - Mark Scheifele wins face-off versus Pius Suter in Nashville Predators zone.
12:30 of 1st period - Snap shot by Pius Suter.
12:30 of 1st period - Shot Misses the Net.
12:32 of 1st period - Slapshot by Pius Suter.
12:32 of 1st period - Stopped by Linus Ullmark with a rebound.
12:53 of 1st period - Icing by Robby Fabbri.
12:54 of 1st period - John Tavares wins face-off versus Marco Kasper in Nashville Predators zone.
13:21 of 1st period - Brayden Schenn is hit by Marco Kasper and loses puck.
13:30 of 1st period - Robby Fabbri is hit by John Tavares and loses puck.
13:41 of 1st period - John Tavares is hit by Yegor Chinakhov and loses puck.
14:15 of 1st period - Wrist shot by Brayden Schenn.
14:15 of 1st period - Shot Blocked by Alex Pietrangelo.
14:17 of 1st period - Slapshot by Esa Lindell.
14:17 of 1st period - Shot Misses the Net.
14:19 of 1st period - Wrist shot by Brayden Schenn.
14:19 of 1st period - Shot Misses the Net.
14:21 of 1st period - Wrist shot by Nazem Kadri.
14:21 of 1st period - Shot Misses the Net.
14:44 of 1st period - Backhand shot by Brayden Schenn.
14:44 of 1st period - Shot Misses the Net.
14:46 of 1st period - Wrist shot by Brayden Schenn.
14:46 of 1st period - Stopped by Anthony Stolarz with a rebound.
14:48 of 1st period - Snap shot by Esa Lindell.
14:48 of 1st period - Shot Misses the Net.
14:50 of 1st period - Slapshot by Joshua Morrissey.
14:50 of 1st period - Shot Blocked by Rasmus Andersson.
14:52 of 1st period - Slapshot by Esa Lindell.
14:52 of 1st period - Shot Misses the Net.
14:54 of 1st period - Slapshot by Esa Lindell.
14:54 of 1st period - Goal by Esa Lindell - Anaheim Ducks : 1 - Nashville Predators : 1.
14:55 of 1st period - Eetu Luostarinen wins face-off versus Mark Scheifele in neutral zone.
14:55 of 1st period - Eetu Luostarinen is hit by Mark Scheifele.
15:03 of 1st period - Slapshot by John-Jason Peterka.
15:03 of 1st period - Stopped by Linus Ullmark without a rebound.
15:04 of 1st period - Pius Suter wins face-off versus Mark Scheifele in Anaheim Ducks zone.
15:11 of 1st period - Snap shot by John-Jason Peterka.
15:11 of 1st period - Goal by John-Jason Peterka - Anaheim Ducks : 1 - Nashville Predators : 2.
15:12 of 1st period - Mark Scheifele wins face-off versus John-Jason Peterka in neutral zone.
15:19 of 1st period - Off-side.
15:20 of 1st period - William Nylander wins face-off versus Pius Suter in neutral zone.
15:55 of 1st period - Snap shot by Jean-Gabriel Pageau.
15:55 of 1st period - Shot Misses the Net.
16:07 of 1st period - Snap shot by Ryan Hartman.
16:07 of 1st period - Shot Blocked by Nazem Kadri.
16:27 of 1st period - Philip Broberg is hit by Pius Suter and loses puck.
16:36 of 1st period - Snap shot by John-Jason Peterka.
16:36 of 1st period - Stopped by Linus Ullmark without a rebound.
16:37 of 1st period - Jean-Gabriel Pageau wins face-off versus Chandler Stephenson in Anaheim Ducks zone.
16:38 of 1st period - Snap shot by Dmitri Voronkov.
16:38 of 1st period - Stopped by Linus Ullmark without a rebound.
16:39 of 1st period - Chandler Stephenson wins face-off versus Jean-Gabriel Pageau in Anaheim Ducks zone.
16:50 of 1st period - Wrist shot by Jean-Gabriel Pageau.
16:50 of 1st period - Stopped by Linus Ullmark without a rebound.
16:51 of 1st period - Eetu Luostarinen wins face-off versus Mark Scheifele in Anaheim Ducks zone.
17:11 of 1st period - Pius Suter is hit by J.T. Compher and loses puck.
17:24 of 1st period - Snap shot by Jani Nyman.
17:24 of 1st period - Shot Misses the Net.
17:46 of 1st period - Wrist shot by Yegor Sharangovich.
17:46 of 1st period - Shot Misses the Net.
18:20 of 1st period - Snap shot by Chandler Stephenson.
18:20 of 1st period - Shot Misses the Net.
18:46 of 1st period - Slapshot by Jean-Gabriel Pageau.
18:46 of 1st period - Stopped by Linus Ullmark without a rebound.
18:47 of 1st period - Mark Scheifele wins face-off versus Pius Suter in Anaheim Ducks zone.
18:58 of 1st period - Wrist shot by William Nylander.
18:58 of 1st period - Stopped by Anthony Stolarz without a rebound.
18:59 of 1st period - Pius Suter wins face-off versus Chandler Stephenson in Nashville Predators zone.
18:59 of 1st period - Pius Suter is hit by Alex Killorn.
19:05 of 1st period - Snap shot by Eetu Luostarinen.
19:05 of 1st period - Shot Misses the Net.
19:07 of 1st period - Wrist shot by Eetu Luostarinen.
19:07 of 1st period - Stopped by Linus Ullmark with a rebound.
19:36 of 1st period - Slapshot by Jean-Gabriel Pageau.
19:36 of 1st period - Stopped by Linus Ullmark with a rebound.
19:52 of 1st period - Yegor Sharangovich is hit by Brayden Schenn and loses puck.
Goals for this period are 1 for Anaheim Ducks vs 2 for Nashville Predators.
Shots for this period are 9 for Anaheim Ducks vs 20 for Nashville Predators.

2nd period


0:01 of 2nd period - J.T. Compher wins face-off versus Pius Suter in neutral zone.
0:26 of 2nd period - Dmitri Voronkov is hit by Philip Broberg and loses puck.
0:33 of 2nd period - Snap shot by Dmitri Voronkov.
0:33 of 2nd period - Stopped by Linus Ullmark with a rebound.
0:57 of 2nd period - Snap shot by Marco Kasper.
0:57 of 2nd period - Deflect By Robby Fabbri.
0:57 of 2nd period - Goal by Robby Fabbri - Anaheim Ducks : 1 - Nashville Predators : 3.
0:58 of 2nd period - Mark Scheifele wins face-off versus John-Jason Peterka in neutral zone.
1:15 of 2nd period - Slapshot by Mark Scheifele.
1:15 of 2nd period - Stopped by Anthony Stolarz with a rebound.
1:57 of 2nd period - Alex Killorn is hit by Simon Benoit and loses puck.
2:05 of 2nd period - Icing by Philip Broberg.
2:06 of 2nd period - Chandler Stephenson wins face-off versus Pius Suter in Anaheim Ducks zone.
2:13 of 2nd period - Alex Pietrangelo is hit by Alex Killorn and loses puck.
2:40 of 2nd period - Snap shot by William Nylander.
2:40 of 2nd period - Stopped by Anthony Stolarz without a rebound.
2:41 of 2nd period - Pius Suter wins face-off versus Mark Scheifele in Nashville Predators zone.
2:41 of 2nd period - Pius Suter is hit by William Nylander.
3:13 of 2nd period - Wrist shot by Nazem Kadri.
3:13 of 2nd period - Stopped by Anthony Stolarz with a rebound.
3:15 of 2nd period - Backhand shot by Brayden Schenn.
3:15 of 2nd period - Stopped by Anthony Stolarz without a rebound.
3:16 of 2nd period - John Tavares wins face-off versus Jack Roslovic in Nashville Predators zone.
3:17 of 2nd period - Wrist shot by Brayden Schenn.
3:17 of 2nd period - Goal by Brayden Schenn - Anaheim Ducks : 2 - Nashville Predators : 3.
3:18 of 2nd period - Mark Scheifele wins face-off versus Pius Suter in neutral zone.
3:21 of 2nd period - Slapshot by William Nylander.
3:21 of 2nd period - Stopped by Anthony Stolarz without a rebound.
3:22 of 2nd period - Mark Scheifele wins face-off versus Pius Suter in Nashville Predators zone.
4:20 of 2nd period - Snap shot by Chandler Stephenson.
4:20 of 2nd period - Shot Misses the Net.
4:34 of 2nd period - Wrist shot by William Nylander.
4:34 of 2nd period - Shot Blocked by Alex Pietrangelo.
5:08 of 2nd period - Snap shot by John-Jason Peterka.
5:08 of 2nd period - Shot Misses the Net.
5:42 of 2nd period - Alex Killorn is hit by Dante Fabbro and loses puck.
5:59 of 2nd period - Icing by John-Jason Peterka.
6:00 of 2nd period - Pius Suter wins face-off versus Mark Scheifele in Nashville Predators zone.
6:48 of 2nd period - Snap shot by Alex Killorn.
6:48 of 2nd period - Stopped by Anthony Stolarz with a rebound.
6:50 of 2nd period - Snap shot by Philip Broberg.
6:50 of 2nd period - Stopped by Anthony Stolarz without a rebound.
6:51 of 2nd period - Chandler Stephenson wins face-off versus Marco Kasper in Nashville Predators zone.
7:00 of 2nd period - Slapshot by Chandler Stephenson.
7:00 of 2nd period - Stopped by Anthony Stolarz without a rebound.
7:01 of 2nd period - Marco Kasper wins face-off versus J.T. Compher in Nashville Predators zone.
7:48 of 2nd period - Ryan Hartman is hit by Will Cuylle and loses puck.
8:23 of 2nd period - Minor Penalty to Mark Scheifele for Interference.
8:24 of 2nd period - Chandler Stephenson wins face-off versus Marco Kasper in Anaheim Ducks zone.
9:51 of 2nd period - Esa Lindell is hit by Alex Pietrangelo and loses puck.
10:23 of 2nd period - Penalty to Mark Scheifele is over, Mark Scheifele is back on ice.
12:47 of 2nd period - Icing by Yegor Chinakhov.
12:48 of 2nd period - Marco Kasper wins face-off versus Brayden Schenn in Nashville Predators zone.
13:11 of 2nd period - Rasmus Andersson is hit by Alex Killorn and loses puck.
13:31 of 2nd period - Slapshot by Yegor Sharangovich.
13:31 of 2nd period - Stopped by Linus Ullmark without a rebound.
13:32 of 2nd period - Pius Suter wins face-off versus John Tavares in Anaheim Ducks zone.
14:02 of 2nd period - Wrist shot by J.T. Compher.
14:02 of 2nd period - Shot Blocked by Dmitri Voronkov.
14:04 of 2nd period - Backhand shot by William Nylander.
14:04 of 2nd period - Shot Misses the Net.
14:06 of 2nd period - Slapshot by Philip Broberg.
14:06 of 2nd period - Shot Misses the Net.
14:16 of 2nd period - Snap shot by Yegor Chinakhov.
14:16 of 2nd period - Shot Misses the Net.
14:18 of 2nd period - Wrist shot by Jordan Spence.
14:18 of 2nd period - Shot Misses the Net.
14:20 of 2nd period - Slapshot by Robby Fabbri.
14:20 of 2nd period - Goal by Robby Fabbri - Anaheim Ducks : 2 - Nashville Predators : 4.
14:21 of 2nd period - Mark Scheifele wins face-off versus John-Jason Peterka in neutral zone.
14:48 of 2nd period - Nazem Kadri is hit by Jean-Gabriel Pageau and loses puck.
15:11 of 2nd period - Slapshot by Chandler Stephenson.
15:11 of 2nd period - Shot Blocked by Simon Benoit.
15:13 of 2nd period - Slapshot by Ivan Provorov.
15:13 of 2nd period - Shot Misses the Net.
16:08 of 2nd period - Snap shot by Will Cuylle.
16:08 of 2nd period - Stopped by Anthony Stolarz without a rebound.
16:09 of 2nd period - Chandler Stephenson wins face-off versus Jean-Gabriel Pageau in Nashville Predators zone.
16:34 of 2nd period - Joshua Morrissey is hit by Eetu Luostarinen and loses puck.
17:34 of 2nd period - Slapshot by William Nylander.
17:34 of 2nd period - Stopped by Anthony Stolarz without a rebound.
17:35 of 2nd period - Eetu Luostarinen wins face-off versus Mark Scheifele in Nashville Predators zone.
19:18 of 2nd period - Snap shot by Mark Scheifele.
19:18 of 2nd period - Stopped by Anthony Stolarz with a rebound.
19:22 of 2nd period - Slapshot by William Nylander.
19:22 of 2nd period - Stopped by Anthony Stolarz without a rebound.
19:23 of 2nd period - Jean-Gabriel Pageau wins face-off versus Brayden Schenn in Nashville Predators zone.
19:23 of 2nd period - Jean-Gabriel Pageau is hit by Brayden Schenn.
19:29 of 2nd period - Snap shot by Jean-Gabriel Pageau.
19:29 of 2nd period - Stopped by Linus Ullmark with a rebound.
19:31 of 2nd period - Wrist shot by Jani Nyman.
19:31 of 2nd period - Stopped by Linus Ullmark with a rebound.
Goals for this period are 1 for Anaheim Ducks vs 2 for Nashville Predators.
Shots for this period are 13 for Anaheim Ducks vs 6 for Nashville Predators.

3rd period


0:01 of 3rd period - Mark Scheifele wins face-off versus Eetu Luostarinen in neutral zone.
0:07 of 3rd period - Off-side.
0:08 of 3rd period - Mark Scheifele wins face-off versus Pius Suter in neutral zone.
0:11 of 3rd period - Slapshot by Brenden Dillon.
0:11 of 3rd period - Shot Blocked by Eetu Luostarinen.
0:13 of 3rd period - Slapshot by Brenden Dillon.
0:13 of 3rd period - Shot Blocked by Rasmus Andersson.
0:15 of 3rd period - Slapshot by Brenden Dillon.
0:15 of 3rd period - Shot Blocked by Rasmus Andersson.
0:17 of 3rd period - Slapshot by Brenden Dillon.
0:17 of 3rd period - Stopped by Anthony Stolarz without a rebound.
0:18 of 3rd period - Mark Scheifele wins face-off versus Pius Suter in Nashville Predators zone.
0:45 of 3rd period - Pius Suter is hit by Will Cuylle and loses puck.
0:53 of 3rd period - Wrist shot by Alex Killorn.
0:53 of 3rd period - Shot Blocked by John-Jason Peterka.
2:10 of 3rd period - Snap shot by William Nylander.
2:10 of 3rd period - Stopped by Anthony Stolarz with a rebound.
2:12 of 3rd period - Slapshot by Ivan Provorov.
2:12 of 3rd period - Shot Blocked by Dante Fabbro.
3:10 of 3rd period - Slapshot by Jean-Gabriel Pageau.
3:10 of 3rd period - Shot Misses the Net.
3:12 of 3rd period - Slapshot by Jordan Spence.
3:12 of 3rd period - Stopped by Linus Ullmark without a rebound.
3:13 of 3rd period - Pius Suter wins face-off versus Chandler Stephenson in Anaheim Ducks zone.
3:20 of 3rd period - Snap shot by Pius Suter.
3:20 of 3rd period - Shot Misses the Net.
3:22 of 3rd period - Snap shot by John-Jason Peterka.
3:22 of 3rd period - Shot Blocked by Chandler Stephenson.
4:28 of 3rd period - John-Jason Peterka is hit by Joshua Morrissey and loses puck.
4:59 of 3rd period - Mark Scheifele is hit by Ryan Hartman and loses puck.
5:06 of 3rd period - Ryan Hartman is hit by Parker Kelly and loses puck.
5:35 of 3rd period - Icing by Mark Scheifele.
5:36 of 3rd period - Mark Scheifele wins face-off versus Pius Suter in Anaheim Ducks zone.
5:36 of 3rd period - Mark Scheifele is hit by Rasmus Andersson.
5:43 of 3rd period - Off-side.
5:44 of 3rd period - John Tavares wins face-off versus Eetu Luostarinen in neutral zone.
5:53 of 3rd period - Rasmus Andersson is hit by Brenden Dillon and loses puck.
6:06 of 3rd period - Minor Penalty to Rasmus Andersson for Hooking.
6:07 of 3rd period - Eetu Luostarinen wins face-off versus John Tavares in Nashville Predators zone.
6:39 of 3rd period - Slapshot by William Nylander.
6:39 of 3rd period - Shot Blocked by Dante Fabbro.
6:45 of 3rd period - Slapshot by Mark Scheifele.
6:45 of 3rd period - Stopped by Anthony Stolarz without a rebound.
6:46 of 3rd period - Jean-Gabriel Pageau wins face-off versus Mark Scheifele in Nashville Predators zone.
7:19 of 3rd period - Wrist shot by John Tavares.
7:19 of 3rd period - Shot Blocked by Yegor Sharangovich.
7:21 of 3rd period - Snap shot by Brayden Schenn.
7:21 of 3rd period - Stopped by Anthony Stolarz with a rebound.
8:06 of 3rd period - Penalty to Rasmus Andersson is over, Rasmus Andersson is back on ice.
8:12 of 3rd period - Wrist shot by Dmitri Voronkov.
8:12 of 3rd period - Stopped by Linus Ullmark without a rebound.
8:13 of 3rd period - Chandler Stephenson wins face-off versus Marco Kasper in Anaheim Ducks zone.
8:38 of 3rd period - Brayden Schenn is hit by Simon Benoit and loses puck.
8:55 of 3rd period - Wrist shot by Eetu Luostarinen.
8:55 of 3rd period - Shot Blocked by Joshua Morrissey.
8:57 of 3rd period - Slapshot by Eetu Luostarinen.
8:57 of 3rd period - Stopped by Linus Ullmark without a rebound.
8:58 of 3rd period - Pius Suter wins face-off versus William Nylander in Anaheim Ducks zone.
9:09 of 3rd period - Wrist shot by John-Jason Peterka.
9:09 of 3rd period - Stopped by Linus Ullmark with a rebound.
9:11 of 3rd period - Slapshot by Rasmus Andersson.
9:11 of 3rd period - Deflect By Pius Suter.
9:11 of 3rd period - Stopped by Linus Ullmark with a rebound.
9:32 of 3rd period - Brenden Dillon is hit by Marco Kasper and loses puck.
9:47 of 3rd period - Slapshot by Chandler Stephenson.
9:47 of 3rd period - Stopped by Anthony Stolarz with a rebound.
10:06 of 3rd period - Icing by John Tavares.
10:07 of 3rd period - Mark Scheifele wins face-off versus Jack Roslovic in Anaheim Ducks zone.
10:13 of 3rd period - Minor Penalty to Brenden Dillon for Hooking.
10:14 of 3rd period - Chandler Stephenson wins face-off versus Marco Kasper in Anaheim Ducks zone.
10:46 of 3rd period - Snap shot by Jack Roslovic.
10:46 of 3rd period - Stopped by Linus Ullmark with a rebound.
10:58 of 3rd period - Chandler Stephenson is hit by Jean-Gabriel Pageau and loses puck.
12:13 of 3rd period - Penalty to Brenden Dillon is over, Brenden Dillon is back on ice.
12:16 of 3rd period - Brenden Dillon is hit by Jani Nyman and loses puck.
13:32 of 3rd period - Rasmus Andersson is hit by Esa Lindell and loses puck.
16:21 of 3rd period - Icing by Alex Killorn.
16:22 of 3rd period - Mark Scheifele wins face-off versus Yegor Chinakhov in Anaheim Ducks zone.
16:42 of 3rd period - Icing by Jordan Spence.
16:43 of 3rd period - Nazem Kadri wins face-off versus Yegor Sharangovich in Nashville Predators zone.
16:48 of 3rd period - Slapshot by John Tavares.
16:48 of 3rd period - Shot Misses the Net.
16:50 of 3rd period - Slapshot by Morgan Rielly.
16:50 of 3rd period - Stopped by Anthony Stolarz without a rebound.
16:51 of 3rd period - Pius Suter wins face-off versus John Tavares in Nashville Predators zone.
17:08 of 3rd period - John-Jason Peterka is hit by Brayden Schenn and loses puck.
17:21 of 3rd period - Marco Kasper is hit by William Nylander.
17:40 of 3rd period - Off-side.
17:41 of 3rd period - Jean-Gabriel Pageau wins face-off versus Chandler Stephenson in neutral zone.
17:44 of 3rd period - Chandler Stephenson is hit by Simon Benoit and loses puck.
18:09 of 3rd period - Snap shot by Eetu Luostarinen.
18:09 of 3rd period - Stopped by Linus Ullmark with a rebound.
18:11 of 3rd period - Wrist shot by Pius Suter.
18:11 of 3rd period - Stopped by Linus Ullmark with a rebound.
18:13 of 3rd period - Slapshot by Pius Suter.
18:13 of 3rd period - Stopped by Linus Ullmark with a rebound.
18:29 of 3rd period - Slapshot by John Tavares.
18:29 of 3rd period - Stopped by Anthony Stolarz with a rebound.
19:33 of 3rd period - Snap shot by Yegor Sharangovich.
19:33 of 3rd period - Shot Blocked by Philip Broberg.
19:43 of 3rd period - Jean-Gabriel Pageau is hit by Philip Broberg and loses puck.
Goals for this period are 0 for Anaheim Ducks vs 0 for Nashville Predators.
Shots for this period are 7 for Anaheim Ducks vs 9 for Nashville Predators.